APP
GRAND JUNCTION ROCKIES @ CHICAGO (APP) CUBS
10/12/2048
 
TOP OF THE 1ST
Missoula Osprey batting - Pitching for Bristol Pirates : RHP Tich Cao
Pitching: RHP Tich Cao
Batting: LHB Tim West 0-0: Foul Ball, location: 2F
0-1: Called Strike
0-2: Strikes out swinging
Batting: LHB Chris Coleman 0-0: Ball
1-0: SINGLE (Groundball, 4D, EV 107.5 MPH)
Batting: LHB Johnny Cabrera 0-0: Ball
1-0: Ball
2-0: Ball
3-0: Called Strike
3-1: Base on Balls
Chris Coleman to second
Batting: RHB Hang-ki Yin 0-0: Ball
1-0: Swinging Strike
1-1: Foul Ball, location: 2F
1-2: Ball
2-2: Strikes out swinging
Batting: LHB Rob Turney 0-0: Called Strike
0-1: Foul Ball, location: 2F
0-2: Strikes out swinging
Top of the 1st over - 0 runs, 1 hit, 0 errors, 2 left on base; Missoula 0 - Bristol 0
BOTTOM OF THE 1ST
Bristol Pirates batting - Pitching for Missoula Osprey : RHP Matt Hamm
Pitching: RHP Matt Hamm
Batting: RHB Jesse Marvel 0-0: Called Strike
0-1: Foul Ball, location: 2F
0-2: Ball
1-2: Foul Ball, location: 2F
1-2: Ball
2-2: Ball
3-2: Foul Ball, location: 2F
3-2: Base on Balls
Batting: LHB Jeremy Weatherly 0-0: Ball
1-0: Foul Ball, location: 2F
1-1: Ball
Passed Ball!
Jesse Marvel to second
2-1: Called Strike
2-2: Ground out 5-3 (Groundball, 5, EV 90.0 MPH)
Batting: SHB Evan Gittleson 0-0: Ball
1-0: Ball
Passed Ball!
Jesse Marvel to third
2-0: Foul Ball, location: 2F
2-1: Fly out, F7 (Flyball, 7S, EV 91.3 MPH)
Batting: RHB Oscar Castillo 0-0: Ball
1-0: DOUBLE (Line Drive, 9LM, EV 90.0 MPH)
Jesse Marvel scores
Batting: RHB Dave Riemer 0-0: Ball
Passed Ball!
Oscar Castillo to third
1-0: Ball
2-0: Ball
3-0: Called Strike
3-1: SINGLE (Flyball, 4D, EV 94.4 MPH)
Oscar Castillo scores
Batting: RHB J.D. Martin 0-0: SINGLE (Groundball, 6MD, EV 93.8 MPH)
Dave Riemer to second
Batting: RHB Sean Magnus 0-0: Ball
Passed Ball!
Dave Riemer to third
J.D. Martin to second
1-0: Ground out U3 (Groundball, 3, EV 93.1 MPH)
Bottom of the 1st over - 2 runs, 3 hits, 0 errors, 2 left on base; Missoula 0 - Bristol 2
TOP OF THE 2ND
Missoula Osprey batting - Pitching for Bristol Pirates : RHP Tich Cao
Batting: RHB Keith Turner 0-0: Called Strike
0-1: Ball
1-1: Ball
2-1: Foul Ball, location: 2F
2-2: Foul Ball, location: 2F
2-2: Ball
3-2: Strikes out looking
Batting: RHB Ken Cohan 0-0: Swinging Strike
0-1: TRIPLE (Line Drive, 78XD, EV 110.6 MPH)
Batting: RHB Evan Barron 0-0: Called Strike
0-1: SINGLE (Groundball, 6MD, EV 94.4 MPH)
Ken Cohan scores
Batting: RHB Matt Hamm 0-0: Sac Bunt to 3S - play at second, runner OUT! 3-6
Batting: LHB Tim West 0-0: Called Strike
0-1: Fly out, F8 (Flyball, 8RXD, EV 102.5 MPH)
Top of the 2nd over - 1 run, 2 hits, 0 errors, 1 left on base; Missoula 1 - Bristol 2
BOTTOM OF THE 2ND
Bristol Pirates batting - Pitching for Missoula Osprey : RHP Matt Hamm
Batting: LHB B.J. Mitchell 0-0: Ball
1-0: Fly out, F7 (Flyball, 7D, EV 86.9 MPH)
Batting: RHB Tich Cao 0-0: Fly out, F3 (Line Drive, 3, EV 69.4 MPH)
Batting: RHB Jesse Marvel 0-0: Called Strike
0-1: Ground out 5-3 (Groundball, 5S, EV 81.3 MPH)
Bottom of the 2nd over - 0 runs, 0 hits, 0 errors, 0 left on base; Missoula 1 - Bristol 2
TOP OF THE 3RD
Missoula Osprey batting - Pitching for Bristol Pirates : RHP Tich Cao
Batting: LHB Chris Coleman 0-0: Ball
1-0: Ball
2-0: Ball
3-0: Called Strike
3-1: Called Strike
3-2: Base on Balls
Batting: LHB Johnny Cabrera 0-0: Ball
Chris Coleman is caught stealing 2nd base 2-6
1-0: Called Strike
1-1: Fly out, F8 (Flyball, 89D, EV 78.8 MPH)
Batting: RHB Hang-ki Yin 0-0: Swinging Strike
0-1: Swinging Strike
0-2: Strikes out swinging
Top of the 3rd over - 0 runs, 0 hits, 0 errors, 0 left on base; Missoula 1 - Bristol 2
BOTTOM OF THE 3RD
Bristol Pirates batting - Pitching for Missoula Osprey : RHP Matt Hamm
Batting: LHB Jeremy Weatherly 0-0: Called Strike
0-1: Foul Ball, location: 2F
0-2: Reached via error on a dropped throw from 3B, E3 (Groundball, 56, EV 88.8 MPH)
Batting: SHB Evan Gittleson 0-0: Ball
1-0: Ball
2-0: Foul Ball, location: 2F
2-1: Ball
Passed Ball!
Jeremy Weatherly to second
3-1: 2-RUN HOME RUN (Flyball, 7D, EV 105.0 MPH), Distance : 386 ft
Batting: RHB Oscar Castillo 0-0: Ball
1-0: Ball
2-0: Ball
3-0: Base on Balls
Batting: RHB Dave Riemer 0-0: Called Strike
0-1: Swinging Strike
0-2: Ball
Wild Pitch!
Oscar Castillo to second
1-2: Fly out, F9 (Flyball, 89M, EV 76.9 MPH)
Batting: RHB J.D. Martin 0-0: Called Strike
0-1: Foul Ball, location: 2F
0-2: Foul Ball, location: 2F
0-2: Ball
1-2: Strikes out swinging
Batting: RHB Sean Magnus 0-0: Ball
Passed Ball!
Oscar Castillo to third
1-0: SINGLE (Groundball, 5D, EV 101.9 MPH)
Oscar Castillo scores
Pitching: LHP Alberto Vega
Batting: LHB B.J. Mitchell 0-0: Ball
Wild Pitch!
Sean Magnus to second
1-0: Ball
2-0: Swinging Strike
Passed Ball!
Sean Magnus to third
2-1: Ball
3-1: Foul Ball, location: 2F
3-2: Foul Ball, location: 2F
3-2: Base on Balls
Batting: RHB Tich Cao 0-0: Foul Ball, location: 2F
0-1: Ground out 6-3 (Groundball, 6, EV 88.8 MPH)
Bottom of the 3rd over - 3 runs, 2 hits, 1 error, 2 left on base; Missoula 1 - Bristol 5
TOP OF THE 4TH
Missoula Osprey batting - Pitching for Bristol Pirates : RHP Tich Cao
Batting: LHB Rob Turney 0-0: Fly out, F9 (Flyball, 9S, EV 82.5 MPH)
Batting: RHB Keith Turner 0-0: Called Strike
0-1: Swinging Strike
0-2: Ball
1-2: Strikes out swinging, 2-3 out at first.
Batting: RHB Ken Cohan 0-0: TRIPLE (Flyball, 78XD, EV 96.9 MPH)
Batting: RHB Evan Barron 0-0: Swinging Strike
0-1: Called Strike
0-2: Ball
1-2: Ball
2-2: Foul Ball, location: 2F
2-2: Strikes out swinging
Top of the 4th over - 0 runs, 1 hit, 0 errors, 1 left on base; Missoula 1 - Bristol 5
BOTTOM OF THE 4TH
Bristol Pirates batting - Pitching for Missoula Osprey : LHP Alberto Vega
Batting: RHB Jesse Marvel 0-0: Ball
1-0: Called Strike
1-1: Ball
2-1: Called Strike
2-2: Foul Ball, location: 2F
2-2: SOLO HOME RUN (Flyball, 7LD, EV 101.9 MPH), Distance : 344 ft
Batting: LHB Jeremy Weatherly 0-0: Called Strike
0-1: Swinging Strike
0-2: Ground out U3 (Groundball, 3, EV 81.3 MPH)
Batting: SHB Evan Gittleson 0-0: Called Strike
0-1: Ball
1-1: Ground out U3 (Groundball, 3, EV 81.3 MPH)
Batting: RHB Oscar Castillo 0-0: Ball
1-0: Ball
2-0: Swinging Strike
2-1: Foul Ball, location: 2F
2-2: Ball
3-2: Base on Balls
Batting: RHB Dave Riemer 0-0: Swinging Strike
0-1: Called Strike
0-2: Ball
1-2: Strikes out swinging
Bottom of the 4th over - 1 run, 1 hit, 0 errors, 1 left on base; Missoula 1 - Bristol 6
TOP OF THE 5TH
Missoula Osprey batting - Pitching for Bristol Pirates : RHP Tich Cao
Batting: LHB Alberto Vega 0-0: Ball
1-0: Called Strike
1-1: Ball
2-1: Ball
3-1: SOLO HOME RUN (Flyball, 9D, EV 96.9 MPH), Distance : 369 ft
Batting: LHB Tim West 0-0: Ball
1-0: Called Strike
1-1: Ball
2-1: Fly out, F2 (Popup, 25F, EV 86.3 MPH)
Batting: LHB Chris Coleman 0-0: Ball
1-0: Ball
2-0: Ground out 5-3 (Groundball, 56S, EV 91.3 MPH)
Batting: LHB Johnny Cabrera 0-0: Ball
1-0: Called Strike
1-1: Ball
2-1: Swinging Strike
2-2: Ball
3-2: Strikes out swinging
Top of the 5th over - 1 run, 1 hit, 0 errors, 0 left on base; Missoula 2 - Bristol 6
BOTTOM OF THE 5TH
Bristol Pirates batting - Pitching for Missoula Osprey : LHP Alberto Vega
Batting: RHB J.D. Martin 0-0: Ball
1-0: Ball
2-0: Called Strike
2-1: SOLO HOME RUN (Flyball, 78XD, EV 90.6 MPH), Distance : 417 ft
Batting: RHB Sean Magnus 0-0: Called Strike
0-1: Ground out 6-3 (Groundball, 6, EV 86.3 MPH)
Batting: LHB B.J. Mitchell 0-0: Ball
1-0: Called Strike
1-1: Fly out, F7 (Flyball, 7S, EV 90.0 MPH)
Batting: RHB Tich Cao 0-0: Fly out, F3 (Popup, 34, EV 71.9 MPH)
Bottom of the 5th over - 1 run, 1 hit, 0 errors, 0 left on base; Missoula 2 - Bristol 7
TOP OF THE 6TH
Missoula Osprey batting - Pitching for Bristol Pirates : RHP Tich Cao
Batting: RHB Hang-ki Yin 0-0: Called Strike
0-1: Called Strike
0-2: Ball
1-2: Strikes out looking
Batting: LHB Rob Turney 0-0: Called Strike
0-1: Called Strike
0-2: Ground out 6-3 (Groundball, 6M, EV 88.8 MPH)
Batting: RHB Keith Turner 0-0: Called Strike
0-1: Ground out 6-3 (Groundball, 6, EV 81.9 MPH)
Top of the 6th over - 0 runs, 0 hits, 0 errors, 0 left on base; Missoula 2 - Bristol 7
BOTTOM OF THE 6TH
Bristol Pirates batting - Pitching for Missoula Osprey : LHP Alberto Vega
Batting: RHB Jesse Marvel 0-0: Called Strike
0-1: Ball
1-1: Ground out 6-3 (Groundball, 56, EV 95.6 MPH)
Batting: LHB Jeremy Weatherly 0-0: Ball
1-0: Ball
2-0: Called Strike
2-1: Ball
3-1: Base on Balls
Pitching: RHP Pat Clarke
Batting: SHB Evan Gittleson 0-0: Ball
Wild Pitch!
Jeremy Weatherly to second
1-0: Called Strike
1-1: Ball
Passed Ball!
Jeremy Weatherly to third
2-1: Called Strike
2-2: Foul Ball, location: 2F
2-2: Foul Ball, location: 2F
2-2: Foul Ball, location: 2F
2-2: Foul Ball, location: 2F
2-2: Ball
3-2: Base on Balls
Batting: RHB Oscar Castillo 0-0: SINGLE (Line Drive, 8LS, EV 95.6 MPH)
Jeremy Weatherly scores
Evan Gittleson to second
Runner from 2nd tries for 3rd, SAFE, no throw by CF
Batting: RHB Dave Riemer 0-0: Ball
1-0: Foul Ball, location: 2F
1-1: Ball
Wild Pitch!
Evan Gittleson scores
Oscar Castillo to second
2-1: Foul Ball, location: 2F
2-2: Ground out 5-3 (Groundball, 5, EV 85.0 MPH)
Batting: RHB J.D. Martin 0-0: Ball
1-0: Called Strike
1-1: Swinging Strike
1-2: Strikes out swinging
Bottom of the 6th over - 2 runs, 1 hit, 0 errors, 1 left on base; Missoula 2 - Bristol 9
TOP OF THE 7TH
Missoula Osprey batting - Pitching for Bristol Pirates : RHP Tich Cao
Pitching: LHP Justin Hayes
Batting: RHB Ken Cohan 0-0: Swinging Strike
0-1: Ball
1-1: Fly out, F7 (Flyball, 7LS, EV 85.6 MPH)
Batting: RHB Evan Barron 0-0: Ground out 5-3 (Groundball, 56S, EV 92.5 MPH)
Batting: SHB Pat Clarke 0-0: Called Strike
0-1: Ball
1-1: Called Strike
1-2: Ball
2-2: Ball
3-2: Foul Ball, location: 2F
3-2: Fly out, F3 (Popup, 23F, EV 86.3 MPH)
Top of the 7th over - 0 runs, 0 hits, 0 errors, 0 left on base; Missoula 2 - Bristol 9
BOTTOM OF THE 7TH
Bristol Pirates batting - Pitching for Missoula Osprey : RHP Pat Clarke
Pinch Hitting: LHB Jonathan Pollick 0-0: Ball
1-0: Ball
2-0: Called Strike
2-1: Foul Ball, location: 2F
2-2: Foul Ball, location: 2F
2-2: Strikes out swinging
Batting: LHB B.J. Mitchell 0-0: Fly out, F5 (Popup, 6, EV 53.1 MPH)
Batting: LHB Justin Hayes 0-0: SINGLE (Groundball, 34D, EV 103.8 MPH)
Batting: RHB Jesse Marvel 0-0: Ball
Passed Ball!
Justin Hayes to second
1-0: Called Strike
1-1: Foul Ball, location: 2F
1-2: Ball
2-2: Ball
3-2: Foul Ball, location: 2F
3-2: Fly out, F2 (Popup, 23F, EV 68.1 MPH)
Bottom of the 7th over - 0 runs, 1 hit, 0 errors, 1 left on base; Missoula 2 - Bristol 9
TOP OF THE 8TH
Missoula Osprey batting - Pitching for Bristol Pirates : LHP Justin Hayes
Now in RF: Renaigel Cary
Batting: LHB Tim West 0-0: Called Strike
0-1: Ball
1-1: Fly out, F8 (Flyball, 8RM, EV 84.4 MPH)
Batting: LHB Chris Coleman 0-0: Ball
1-0: Ball
2-0: Called Strike
2-1: Foul Ball, location: 2F
2-2: Foul Ball, location: 2F
2-2: Ground out 6-3 (Groundball, 6M, EV 88.1 MPH)
Batting: LHB Johnny Cabrera 0-0: Ball
1-0: Foul Ball, location: 2F
1-1: Ball
2-1: Foul Ball, location: 2F
2-2: Fly out, F9 (Line Drive, 9D, EV 96.9 MPH)
Top of the 8th over - 0 runs, 0 hits, 0 errors, 0 left on base; Missoula 2 - Bristol 9
BOTTOM OF THE 8TH
Bristol Pirates batting - Pitching for Missoula Osprey : RHP Pat Clarke
Batting: LHB Jeremy Weatherly 0-0: Called Strike
0-1: Called Strike
0-2: Ball
1-2: Ball
2-2: Ground out 4-3 (Groundball, 4, EV 85.0 MPH)
Pinch Hitting: RHB Elijah Waller 0-0: Called Strike
0-1: Ball
1-1: Foul Ball, location: 2F
1-2: Ball
2-2: Ground out 2-3 (Groundball, 15S, EV 58.1 MPH)
Batting: RHB Oscar Castillo 0-0: Foul Ball, location: 2F
0-1: Ground out 4-3 (Groundball, 4, EV 80.0 MPH)
Bottom of the 8th over - 0 runs, 0 hits, 0 errors, 0 left on base; Missoula 2 - Bristol 9
TOP OF THE 9TH
Missoula Osprey batting - Pitching for Bristol Pirates : LHP Justin Hayes
Now at 1B: Elijah Waller
Batting: RHB Hang-ki Yin 0-0: Swinging Strike
0-1: Foul Ball, location: 2F
0-2: Ball
1-2: Ball
2-2: Foul Ball, location: 2F
2-2: Strikes out swinging
Pitching: RHP Jerry Sanchez
Batting: LHB Rob Turney 0-0: Called Strike
0-1: Ball
1-1: Foul Ball, location: 2F
1-2: Ball
2-2: Ball
3-2: Ground out 6-3 (Groundball, 6, EV 80.0 MPH)
Batting: RHB Keith Turner 0-0: Ball
1-0: Ball
2-0: Foul Ball, location: 2F
2-1: Ball
3-1: Foul Ball, location: 2F
3-2: Strikes out swinging
Top of the 9th over - 0 runs, 0 hits, 0 errors, 0 left on base; Missoula 2 - Bristol 9
Tuesday, March 28th , 2023 - OOTP Baseball 23.10 Build 110